 Dungeon Crawl Stone Soup version 0.16-a0-3474-g346b3f3 (webtiles) character file.

28 Krotius the Chiller (level 3, -1/21 HPs)
             Began as an Octopode Ice Elementalist on Sept 7, 2015.
             Was an Initiate of the Shining One.
             Slain by a hobgoblin (3 damage)
             ... on level 2 of the Dungeon.
             The game lasted 00:07:15 (1050 turns).

Krotius the Chiller (Octopode Ice Elementalist)     Turns: 1050, Time: 00:07:15

Health: -1/21      AC:  1    Str:  7    XL:     3   Next: 12%
Magic:  6/6        EV: 11    Int: 18    God:    the Shining One [......]
Gold:   105        SH:  3    Dex: 12    Spells: 1 memorised, 5 levels left

rFire  . . .     SeeInvis .       - Unarmed
rCold  . . .     Clarity  .     a - +0 buckler
rNeg   . . .     SustAb   .     (helmet restricted)
rPois  .         Gourm    .     d - amulet of regeneration
rElec  .         Spirit   .     (no ring)
rCorr  .         Warding  .     (no ring)
rMut   .         Stasis   .     (no ring)
MR     .....                    (no ring)
Stlth  +++.......               (no ring)
                                (no ring)
                                (no ring)
                                (no ring)

@: not resistant to hostile enchantments, fairly stealthy
A: almost no armour, amphibious, 8 rings, constrict 8, camouflage 1, gelatinous
body 1
a: Renounce Religion


You were on level 2 of the Dungeon.
You worshipped the Shining One.
The Shining One was noncommittal.
You were full.

You visited 1 branch of the dungeon, and saw 2 of its levels.

You collected 105 gold pieces.

Inventory:

Armour
 a - a +0 buckler (worn)
Jewellery
 d - an amulet of regeneration (around mantle)
Books
 b - a book of Frost

   Spells                             Type                      Level
   a - Freeze                         Ice                          1
   b - Throw Frost                    Conjuration/Ice              2
   c - Ozocubu's Armour               Charms/Ice                   3
   d - Throw Icicle                   Conjuration/Ice              4
   e - Summon Ice Beast               Ice/Summoning                4
   f - Condensation Shield            Ice                          4
Comestibles
 c - 2 bread rations


   Skills:
 + Level 0.2 Fighting
 + Level 2.2 Dodging
 + Level 2.8 Stealth
 + Level 0.2 Shields
 * Level 1.3 Unarmed Combat
 + Level 2.2 Spellcasting
   Level 1.0 Conjurations
 + Level 3.2 Ice Magic


You had 5 spell levels left.
You knew the following spells:

 Your Spells              Type           Power        Failure   Level  Hunger
a - Freeze                Ice            ##..         8%          1    #......


Dungeon Overview and Level Annotations

Branches:
Dungeon (2/15)

Altars:
The Shining One


Innate Abilities, Weirdness & Mutations

You cannot wear most types of armour.
You are amphibious.
You can wear up to eight rings at the same time.
You can use your tentacles to constrict many enemies at once.
Your skin changes colour to match your surroundings (Stealth).
Your rubbery body absorbs attacks (AC +1).


Message History

You kill the rat!
You see here a rat corpse.
A hobgoblin comes into view.
Found 21 stones.
The hobgoblin closely misses you. The hobgoblin hits you.
Found a stone staircase leading down.
The hobgoblin hits you. The hobgoblin hits you.
You block the hobgoblin's attack. The hobgoblin hits you.
The hobgoblin closely misses you. The hobgoblin misses you.
The hobgoblin closely misses you. The hobgoblin hits you.
* * * LOW HITPOINT WARNING * * *
The hobgoblin hits you.
* * * LOW HITPOINT WARNING * * *
The hobgoblin hits you.
You die...

##8#####.####.#
#######...†...##.#
..............##.#
..............##.#
............####.##
#####.............#
#.............###.##
#..................#
#...........@g###..#
#.............# #
..............#
..............#
...........(
.....#.....
....#..#...
...#..###.# . ##># .


You could see a hobgoblin.

Vanquished Creatures
  An adder (D:1)
  2 oozes (D:2)
  6 bats (D:1)
  2 giant cockroaches (D:1)
  2 hobgoblins (D:1)
  A giant gecko (D:1)
  A giant newt (D:1)
  A goblin (D:1)
  3 rats
19 creatures vanquished.

Notes
Turn   | Place    | Note
--------------------------------------------------------------
     0 | D:1      | Krotius, the Octopode Ice Elementalist, began the quest for the Orb.
     0 | D:1      | Reached XP level 1. HP: 11/11 MP: 3/3
   266 | D:1      | Found a glowing golden altar of the Shining One.
   304 | D:1      | Reached skill level 1 in Unarmed Combat
   304 | D:1      | Reached XP level 2. HP: 9/17 MP: 4/4
   471 | D:1      | Became a worshipper of the Shining One
   958 | D:2      | Reached XP level 3. HP: 9/21 MP: 0/6
  1050 | D:2      | Slain by a hobgoblin

Action                   || total
-------------------------++-------
Melee: Unarmed           ||    63
 Cast: Freeze            ||     7
  Use: Scroll            ||     1
 Stab: Sleeping          ||     1
  Eat: Meat ration       ||     1
